 Dungeon Crawl Stone Soup version 0.31-a0-210-gccc998df9b (webtiles) character file.

Game seed: 17993547372883005089

12877 qw the Marksminotaur (level 11, -20/89 HPs)
             Began as a Minotaur Hexslinger on June 29, 2023.
             Was a High Priest of Okawaru.
             Demolished by a komodo dragon (28 damage)
             ... on level 2 of the Lair of Beasts.
             The game lasted 00:03:10 (8609 turns).

qw the Marksminotaur (Minotaur Hexslinger)          Turns: 8609, Time: 00:03:10

Health: -20/89     AC:  9    Str: 13    XL:     11   Next: 68%
Magic:  13/15      EV: 18    Int: 10    God:    Okawaru [*****.]
Gold:   691        SH:  5    Dex: 17    Spells: 11/12 levels left

rFire   . . .        d - +2 arbalest (heavy)
rCold   . . .        (shield currently unavailable)
rNeg    . . .        e - +3 leather armour {rPois}
rPois   +            (helmet restricted)
rElec   .            k - +0 cloak
rCorr   .            g - +0 pair of gloves
SInv    .            (no boots)
Will    .....        q - amulet of reflection
Stlth   +++          (no ring)
HPRegen 0.34/turn    (no ring)
MPRegen 0.14/turn

%: reflection, clarity
@: about to teleport, heroic
A: horns 2, retaliatory headbutt, clarity, frail 1, mutation resistance 1,
MP-powered wands
a: Renounce Religion, Heroism, Finesse, Duel


You were on level 2 of the Lair of Beasts.
You worshipped Okawaru.
Okawaru was extremely pleased with you.
You visited 3 branches of the dungeon, and saw 11 of its levels.
You also visited: Ossuary.

You collected 691 gold pieces.


Innate Abilities, Weirdness & Mutations

You have a pair of horns on your head.
You reflexively headbutt those who attack you in melee.
You possess an exceptional clarity of mind.
You are frail. (-10% HP)
You are somewhat resistant to further mutation.
You expend magic power (3 MP) to strengthen your wands.


   Skills:
 - Level 10.1(15.1) Fighting
 + Level 15.0(20.0) Ranged Weapons
 - Level 3.6(8.6) Armour
 - Level 7.0(12.0) Dodging
 - Level 1.0 Spellcasting
 - Level 2.0 Hexes
 + Level 7.0 Invocations


You had 11 spell levels left.
You knew the following spells:

 Your Spells              Type           Power      Damage    Failure   Level
a - Slow                  Hex            16%        N/A       19%         1

Your spell library contained the following spells:

 Spells                   Type           Power      Damage    Failure   Level
 Inner Flame              Hex/Fire       2%         N/A       63%         3
 Portal Projectile        Hex/Tloc       4%         N/A       63%         3
 Cause Fear               Hex            2%         N/A       88%         4

Inventory:

Hand Weapons
 d - a +2 heavy arbalest (weapon)
Armour
 e - a +3 leather armour of poison resistance (worn)
 g - a +0 pair of gloves (worn)
 h - a +0 ring mail of fire resistance
 k - a +0 cloak (worn)
Jewellery
 q - an amulet of reflection (around neck)
Scrolls
 f - 2 scrolls of brand weapon
 l - 5 scrolls of teleportation
 n - a scroll of identify
Potions
 b - a potion of haste
 c - a potion of cancellation
 i - 2 potions of heal wounds
 j - 5 potions of curing
 o - a potion of resistance {unknown}
 p - a potion of brilliance {unknown}

Dungeon Overview and Level Annotations

Branches:
Dungeon (8/15)             Temple (1/1) D:4            Lair (2/5) D:8
Ossuary (visited)
  Swamp: Lair:2-3    Shoals: Lair:2-3     Snake: Lair:2-3    Spider: Lair:2-3

Altars:
Ashenzari
Cheibriados
Dithmenos
Fedhas
Gozag
Hepliaklqana
Kikubaaqudgha
Makhleb
Nemelex Xobeh
Okawaru
Qazlal
Ru
Trog
Uskayaw
Vehumet
Wu Jian
Xom
Yredelemnul
Zin
The Shining One

Annotations:
D:2 1 runed translucent door, Crazy Yiuf


Message History

You kill the four-headed hydra!
Okawaru is honoured by your kill.
You can now enter into single combat with a foe.
Okawaru will now gift you equipment as you gain piety.
The wyvern bites you but does no damage.
The swamp worm fires a harpoon shot at you.
The harpoon shot hits you!
You are yanked forward by the harpoon shot.
The wyvern misses you. You furiously retaliate!
You headbutt the wyvern. The swamp worm completely misses you.
You furiously retaliate!
You headbutt the swamp worm.
Enter note:
Enter note:
Enter note:
Enter note:
Enter note:
Enter note:
Enter note:
Enter note:
Enter note:
Enter note:
Enter note:
Enter note: You shoot a bolt.
The bolt hits the swamp worm!!!
You kill the swamp worm!
Okawaru accepts your kill.
The wyvern bites you but does no damage.
The wyvern barely misses you.
The wyvern bites you but does no damage.
Your base Dodging skill increases to level 7!
You shoot a bolt. The bolt hits the wyvern!!!
You kill the wyvern!
Okawaru accepts your kill. You block the komodo dragon's attack.
The komodo dragon bites you!!
Your Invocations skill increases to level 7!
8609 ||| READING 6 scrolls of teleportation.
As you read the scroll of teleportation, it crumbles to dust.
You feel strangely unstable. The komodo dragon bites you!!
You die...

##PP.##P..###......7.
#.... #.P#######
#...7777 77... #.P#
##..7 777. #.## #P..7
7 77 #.# ##..7 ~7 7
..# ##...7 ~~7ยค 7
##. #.#..7 ~~~..
##...7~~~...
##.@l.~~..7
#.l..~7.77 #.?.7.77
.....777 .......
.......... P.........
P..........


You could see 2 komodo dragons.

Vanquished Creatures
  A hydra (Lair:2)
  A catoblepas (Lair:1)
  3 death yaks (Lair:2)
  An oklob plant (D:7)
  4 cane toads
  A komodo dragon (Lair:1)
  A rime drake (Lair:1)
  A hornet (D:7)
  9 blink frogs (Lair:1)
  Sigmund (D:2)
  4 wyverns
  10 yaks
  An acid dragon (D:8)
  A swamp worm (Lair:2)
  A water moccasin (Lair:2)
  Duvessa (D:5)
  A swamp drake (D:8)
  3 ice beasts
  3 orc warriors
  4 black bears
  An ogre (D:5)
  2 centaurs (D:7)
  2 kobold brigands
  2 scorpions
  8 bullfrogs
  8 wights
  Dowan (D:5)
  6 howler monkeys
  3 hounds
  2 jellies
  5 orc priests
  2 sleepcaps (D:6)
  3 iguanas
  4 orc wizards (D:5)
  A mummy (D:5)
  7 gnolls
  5 adders
  A white imp (D:8)
  2 ufetubi
  3 worms
  2 dart slugs (D:2)
  19 orcs
  8 bats
  6 endoplasms
  5 giant cockroaches
  4 goblins
  8 hobgoblins
  6 jackals
  15 kobolds
  4 quokkas
  7 ball pythons
  4 goblin zombies (Ossuary)
  4 hobgoblin zombies (Ossuary)
  5 kobold zombies (Ossuary)
  3 orc zombies (Ossuary)
  6 rats
  A butterfly (Lair:1)
227 creatures vanquished.

Notes
Turn   | Place    | Note
-------+----------+-------------------------------------------
     0 | D:1      | qw the Minotaur Hexslinger began the quest for the Orb.
     0 | D:1      | Reached XP level 1. HP: 16/16 MP: 1/1
     0 | D:1      | 0 ||| qw: Version: 0.3-a-24-ga2abf7b
     0 | D:1      | 0 ||| qw: Game counter: 6956
     0 | D:1      | 0 ||| qw: Melee chars always use a shield: true
     0 | D:1      | 0 ||| qw: God list: Okawaru
     0 | D:1      | 0 ||| qw: Allow faded altars: false
     0 | D:1      | 0 ||| qw: Do Orc after clearing Dungeon:15 true
     0 | D:1      | 0 ||| qw: Do second Lair branch before Depths: true
     0 | D:1      | 0 ||| qw: Lair rune preference: random
     0 | D:1      | 0 ||| qw: Goals: Normal
     0 | D:1      | 0 ||| PLANNING D:1-11
   120 | D:1      | Reached skill level 3 in Ranged Weapons
   152 | D:1      | Reached XP level 2. HP: 21/23 MP: 2/2
   500 | D:1      | 500 ||| UPGRADING to +3 leather armour of poison
                  | resistance.
   510 | D:1      | 510 ||| DROPPING +0 robe.
   511 | D:1      | 511 ||| UPGRADING to +0 pair of gloves.
   516 | D:1      | 516 ||| DROPPING amulet of magic regeneration.
   517 | D:1      | 517 ||| READING scroll labelled XUUFFERCHON.
   521 | D:1      | 521 ||| DROPPING scroll of poison.
   758 | D:2      | Found a hide-covered altar of Uskayaw.
   984 | D:2      | Reached XP level 3. HP: 29/29 MP: 3/3
   998 | D:2      | Noticed Sigmund
  1010 | D:2      | 1010 ||| UPGRADING to amulet of the acrobat.
  1011 | D:2      | HP: 1/29 [Sigmund/+0 scythe (10)]
  1015 | D:2      | 1015 ||| READING scroll of teleportation.
  1184 | D:2      | Killed Sigmund
  1185 | D:2      | Reached skill level 6 in Ranged Weapons
  1185 | D:2      | Reached XP level 4. HP: 22/36 MP: 4/4
  1185 | D:2      | Reached XP level 5. HP: 25/41 MP: 5/5
  1465 | D:2      | Found a runed translucent door.
  1466 | D:2      | Noticed Crazy Yiuf
  1788 | D:2      | 1788 ||| READING scroll labelled VEENOD XUTOSHRYMP.
  1789 | D:2      | 1789 ||| READING scroll labelled AJALIL DYEWU.
  1850 | D:3      | Reached skill level 3 in Fighting
  1851 | D:3      | 1851 ||| STAIRDANCE
  2048 | D:3      | Reached skill level 1 in Armour
  2277 | D:3      | Reached XP level 6. HP: 51/51 MP: 6/6
  2286 | D:3      | Found a faded altar of an unknown god.
  2423 | D:3      | Found a shimmering altar of Xom.
  2663 | D:3      | 2663 ||| UPGRADING to +0 cloak.
  2668 | D:3      | 2668 ||| READING scroll labelled KYOSAU CEOCEI.
  2668 | D:3      | Identified a scroll of acquirement
  2668 | D:3      | 2668 ||| ACQUIRING +2 heavy arbalest
  2668 | D:3      | Acquired a +2 heavy arbalest
  2670 | D:3      | 2670 ||| SWAPPING to +2 heavy arbalest.
  2671 | D:3      | 2671 ||| DROPPING +1 sling.
  2672 | D:3      | 2672 ||| READING scroll labelled JOUBLEUDIETE.
  2673 | D:3      | 2673 ||| READING scroll labelled MYCZAU PONGOENUG.
  2674 | D:3      | 2674 ||| DRINKING 2 sapphire potions.
  3036 | D:4      | 3036 ||| Stepping ~*~*~tactically~*~*~ (water).
  3269 | D:4      | Found a staircase to the Ecumenical Temple.
  3270 | D:4      | 3270 ||| PLANNING TEMPLE
  3270 | D:4      | 3270 ||| READING 3 scrolls labelled GOFEZOL RAAC.
  3271 | D:4      | 3271 ||| DRINKING 2 fizzy clear potions.
  3271 | D:4      | Gained mutation: You occasionally lose the ability to drink
                  | potions when taking damage. [potion of mutation]
  3271 | D:4      | Gained mutation: Armour fits poorly on your strangely
                  | shaped body. [potion of mutation]
  3272 | D:4      | 3272 ||| DRINKING potion of mutation.
  3272 | D:4      | Lost mutation: Armour fits poorly on your strangely shaped
                  | body. [potion of mutation]
  3272 | D:4      | Lost mutation: You occasionally lose the ability to drink
                  | potions when taking damage. [potion of mutation]
  3272 | D:4      | Gained mutation: You are frail. (-10% HP) [potion of
                  | mutation]
  3272 | D:4      | Gained mutation: You expend magic power (3 MP) to
                  | strengthen your wands. [potion of mutation]
  3272 | D:4      | Gained mutation: You possess an exceptional clarity of
                  | mind. [potion of mutation]
  3272 | D:4      | Gained mutation: You are somewhat resistant to further
                  | mutation. [potion of mutation]
  3273 | D:4      | 3273 ||| READING 3 scrolls of identify.
  3273 | D:4      | 3273 ||| IDENTIFYING murky cyan potion
  3274 | D:4      | 3274 ||| READING 2 scrolls of identify.
  3274 | D:4      | 3274 ||| IDENTIFYING coppery potion
  3275 | D:4      | 3275 ||| DROPPING potion of attraction.
  3276 | D:4      | 3276 ||| DROPPING potion of magic.
  3329 | Temple   | Entered the Ecumenical Temple
  3348 | Temple   | 3348 ||| PLANNING OKAWARU WORSHIP
  3458 | Temple   | Became a worshipper of Warmaster Okawaru
  3459 | Temple   | 3459 ||| PLANNING D:1-11
  3550 | D:5      | Entered Level 5 of the Dungeon
  3551 | D:5      | 3551 ||| PLANNING OSSUARY
  3568 | D:5      | 3568 ||| Stepping ~*~*~tactically~*~*~ (outnumbered).
  3570 | D:5      | 3570 ||| Stepping ~*~*~tactically~*~*~ (outnumbered).
  3664 | D:5      | 3664 ||| Stepping ~*~*~tactically~*~*~ (outnumbered).
  3677 | D:5      | Reached skill level 7 in Ranged Weapons
  3683 | D:5      | Found a sacrificial altar of Ru.
  3721 | D:5      | Noticed Dowan
  3722 | D:5      | Noticed Duvessa
  3726 | D:5      | Reached XP level 7. HP: 28/53 MP: 7/7
  3726 | D:5      | Killed Duvessa
  3726 | D:5      | Reached * piety under Okawaru
  3727 | D:5      | Reached skill level 8 in Ranged Weapons
  3729 | D:5      | 3729 ||| INVOKING Heroism.
  3732 | D:5      | Killed Dowan
  3845 | D:5      | Found a radiant altar of Vehumet.
  3847 | D:5      | Found a bloodstained altar of Trog.
  3848 | D:5      | Found a basalt altar of Yredelemnul.
  3849 | D:5      | Found a broken altar of Ashenzari.
  3850 | D:5      | Found a snail-covered altar of Cheibriados.
  3954 | D:5      | Reached skill level 3 in Dodging
  4201 | D:5      | Found a sand-covered staircase.
  4210 | Ossuary  | Entered an ossuary
  4294 | D:5      | 4294 ||| PLANNING D:1-11
  4531 | D:5      | 4531 ||| DROPPING ring of wizardry.
  4565 | D:6      | Reached skill level 9 in Ranged Weapons
  4565 | D:6      | Reached XP level 8. HP: 61/61 MP: 8/8
  4659 | D:6      | Reached skill level 6 in Fighting
  4687 | D:6      | Reached skill level 1 in Invocations
  4878 | D:6      | 4878 ||| Stepping ~*~*~tactically~*~*~ (outnumbered).
  5151 | D:6      | 5151 ||| READING scroll labelled JAVUKO EHANU.
  5152 | D:6      | 5152 ||| DRINKING 2 cyan potions.
  5256 | D:6      | 5256 ||| DROPPING potion of berserk rage.
  5315 | D:7      | Reached skill level 3 in Invocations
  5320 | D:7      | Noticed a hornet
  5323 | D:7      | Killed a hornet
  5323 | D:7      | Reached ** piety under Okawaru
  5324 | D:7      | Reached skill level 10 in Ranged Weapons
  5384 | D:7      | 5384 ||| INVOKING Heroism.
  5389 | D:7      | HP: 13/63 [orc warrior/+0 trident (5)]
  5390 | D:7      | 5390 ||| READING 7 scrolls of teleportation.
  5391 | D:7      | HP: 1/63 [orc priest/divine providence (13)]
  5529 | D:7      | 5529 ||| FLEEEEING.
  5530 | D:7      | 5530 ||| FLEEEEING.
  5531 | D:7      | 5531 ||| FLEEEEING.
  5532 | D:7      | 5532 ||| FLEEEEING.
  5540 | D:7      | 5540 ||| STAIRDANCE
  5639 | D:7      | 5639 ||| INVOKING Heroism.
  5683 | D:7      | 5683 ||| INVOKING Heroism.
  5687 | D:7      | Reached XP level 9. HP: 67/67 MP: 8/11
  5699 | D:7      | 5699 ||| FLEEEEING.
  5700 | D:7      | 5700 ||| FLEEEEING.
  5701 | D:7      | 5701 ||| FLEEEEING.
  5702 | D:7      | 5702 ||| FLEEEEING.
  5703 | D:7      | 5703 ||| FLEEEEING.
  5704 | D:7      | 5704 ||| FLEEEEING.
  5705 | D:7      | 5705 ||| FLEEEEING.
  5706 | D:7      | 5706 ||| FLEEEEING.
  5707 | D:7      | 5707 ||| FLEEEEING.
  5708 | D:7      | 5708 ||| FLEEEEING.
  5709 | D:7      | 5709 ||| FLEEEEING.
  5710 | D:7      | 5710 ||| FLEEEEING.
  5711 | D:7      | 5711 ||| FLEEEEING.
  5712 | D:7      | 5712 ||| FLEEEEING.
  5716 | D:7      | 5716 ||| INVOKING Heroism.
  5733 | D:7      | Found an opulent altar of Gozag.
  5738 | D:7      | Found an opulent altar of Gozag.
  5738 | D:7      | Found an opulent altar of Gozag.
  5743 | D:7      | Found an opulent altar of Gozag.
  5789 | D:7      | 5789 ||| INVOKING Heroism.
  5872 | D:7      | 5872 ||| INVOKING Heroism.
  6054 | D:7      | Found a blossoming altar of Fedhas.
  6067 | D:7      | Noticed an oklob plant
  6068 | D:7      | 6068 ||| INVOKING Heroism.
  6069 | D:7      | 6069 ||| READING scroll labelled POIDAHAISH.
  6088 | D:7      | 6088 ||| READING 3 scrolls of identify.
  6088 | D:7      | 6088 ||| IDENTIFYING metallic green potion
  6089 | D:7      | 6089 ||| READING 2 scrolls of identify.
  6089 | D:7      | 6089 ||| IDENTIFYING amethyst potion
  6091 | D:7      | 6091 ||| INVOKING Heroism.
  6097 | D:7      | Killed an oklob plant
  6098 | D:7      | Reached skill level 11 in Ranged Weapons
  6444 | D:8      | 6444 ||| INVOKING Heroism.
  6555 | D:8      | 6555 ||| INVOKING Heroism.
  6708 | D:8      | Reached skill level 12 in Ranged Weapons
  6768 | D:8      | Reached XP level 10. HP: 79/79 MP: 12/12
  6777 | D:8      | Reached *** piety under Okawaru
  6816 | D:8      | Found a staircase to the Lair.
  6864 | D:8      | Identified the +7 scale mail of Responsibility {Dex+3}
  7069 | D:8      | 7069 ||| PLANNING LAIR
  7069 | D:8      | 7069 ||| UPGRADING to amulet of reflection.
  7079 | D:8      | 7079 ||| DROPPING amulet of the acrobat.
  7080 | D:8      | 7080 ||| READING scroll labelled VANYVV JAMM.
  7081 | D:8      | 7081 ||| READING 2 scrolls of identify.
  7081 | D:8      | 7081 ||| IDENTIFYING golden potion
  7223 | Lair:1   | Entered Level 1 of the Lair of Beasts
  7278 | Lair:1   | 7278 ||| INVOKING Heroism.
  7287 | Lair:1   | Reached skill level 13 in Ranged Weapons
  7290 | Lair:1   | 7290 ||| INVOKING Heroism.
  7296 | Lair:1   | Reached skill level 9 in Fighting
  7308 | Lair:1   | 7308 ||| FLEEEEING.
  7380 | Lair:1   | Reached skill level 6 in Dodging
  7380 | Lair:1   | 7380 ||| INVOKING Heroism.
  7384 | Lair:1   | Reached skill level 3 in Armour
  7652 | Lair:1   | Noticed a cane toad
  7655 | Lair:1   | 7655 ||| INVOKING Heroism.
  7658 | Lair:1   | Killed a cane toad
  7757 | Lair:1   | 7757 ||| INVOKING Heroism.
  7766 | Lair:1   | Reached **** piety under Okawaru
  7767 | Lair:1   | Reached skill level 14 in Ranged Weapons
  7777 | Lair:1   | 7777 ||| INVOKING Heroism.
  7835 | Lair:1   | 7835 ||| INVOKING Heroism.
  7881 | Lair:1   | Noticed a cane toad
  7882 | Lair:1   | 7882 ||| INVOKING Heroism.
  7885 | Lair:1   | Killed a cane toad
  7886 | Lair:1   | Reached XP level 11. HP: 70/89 MP: 10/13
  7949 | Lair:1   | Noticed a catoblepas
  7950 | Lair:1   | 7950 ||| INVOKING Heroism.
  7954 | Lair:1   | 7954 ||| Stepping ~*~*~tactically~*~*~ (cloud).
  7955 | Lair:1   | 7955 ||| Stepping ~*~*~tactically~*~*~ (cloud).
  7960 | Lair:1   | Killed a catoblepas
  8048 | Lair:1   | 8048 ||| INVOKING Heroism.
  8347 | Lair:2   | 8347 ||| INVOKING Heroism.
  8403 | Lair:2   | Noticed a death yak
  8403 | Lair:2   | Noticed a death yak
  8404 | Lair:2   | 8404 ||| INVOKING Heroism.
  8405 | Lair:2   | Noticed a death yak
  8407 | Lair:2   | Killed a death yak
  8409 | Lair:2   | Killed a death yak
  8410 | Lair:2   | Reached skill level 15 in Ranged Weapons
  8410 | Lair:2   | Reached skill level 6 in Invocations
  8412 | Lair:2   | Killed a death yak
  8412 | Lair:2   | Reached ***** piety under Okawaru
  8600 | Lair:2   | Noticed a four-headed hydra
  8602 | Lair:2   | 8602 ||| INVOKING Heroism.
  8606 | Lair:2   | Killed a four-headed hydra
  8608 | Lair:2   | HP: 8/89 [komodo dragon (22)]
  8609 | Lair:2   | 8609 ||| READING 6 scrolls of teleportation.
  8609 | Lair:2   | Demolished by a komodo dragon

Levels and vault maps discovered:
D:1:      mrwooster_arrival_statue, layout_rooms, chequers_serial_rivers_micro_d
D:2:      layout_loops_corners, basic_altar, minmay_gold_behind_fungi,
          uniq_crazy_yiuf_cottage, uniq_sigmund
D:3:      layout_loops_ring, xom_confusion_cloud,
          chequers_ecumenical_altar_simple
D:4:      layout_basic, temple_doors_e, serial_bayou, serial_bayou_ford_a,
          serial_bayou_pond_e, serial_bayou_crossing, serial_bayou_lagoon_a,
          serial_park_tiny_1
D:5:      layout_loops_ring, lemuel_round_altar, grunt_temple_overflow_open,
          gup_ossuary_entry_pyramid, kennysheep_generic_room_3, uniq_duvessa
D:6:      layout_loops_ring
D:7:      layout_rooms, tgw_fedhas, nicolae_gozag_conspicuous_consumption
D:8:      layout_loops_ring, erik_lair_dragon
Temple:   jpeg_temple_clearing
Lair:1:   layout_gridlike, beast_lair_carwin_7, lemuel_fruit_fields,
          lemuel_fruit_tree
Lair:2:   layout_chaotic_city, palyth_hydra_swamp_entry, gammafunk_ghost_ooze

Skill      XL: |  1  2  3  4  5  6  7  8  9 10 11 |
---------------+----------------------------------+-----
Ranged Weapons | 3 6 7 9 10 12 14 15 | 15.0
Fighting       | 2 3 4 5 6 8 9 10 | 10.1
Armour         | 1 2 3 |  3.6
Dodging        | 3 5 6 7 |  7.0
Invocations    | 4 7 |  7.0
Spellcasting   | |  1.0
Hexes          | |  2.0

Action                     |  1- 3 |  4- 6 |  7- 9 | 10-12 || total
---------------------------+-------+-------+-------+-------++-------
   Fire: Sling             |    75 |   111 |       |       ||   186
         Arbalest          |       |    44 |   190 |   120 ||   354
 Invoke: Heroism           |       |       |    11 |    13 ||    24
    Use: Scroll            |     2 |     8 |     5 |     3 ||    18
         Potion            |       |     3 |     1 |       ||     4
 Armour: Robe              |     3 |       |       |       ||     3
         Leather armour    |     4 |    38 |    33 |    16 ||    91
  Dodge: Dodged            |    13 |    64 |    63 |    67 ||   207
  Block: Other             |       |       |       |    13 ||    13

Table legend:
 A = Non-vault XP
 B = Vault XP
 C = Vault XP percentage of total XP
 D = Non-vault monster count
 E = Vault monster count
 F = Vault count percentage of total count
                 A         B        C        D         E       F
            +---------+---------+-------+---------+---------+-------
      Total |   13441 |    4956 |  26.9 |     181 |      45 |  19.9
            +---------+---------+-------+---------+---------+-------
        D:1 |      24 |       0 |   0.0 |      14 |       0 |   0.0
        D:2 |      46 |     234 |  83.6 |      16 |       2 |  11.1
        D:3 |      58 |      28 |  32.6 |      19 |       9 |  32.1
        D:4 |      76 |       0 |   0.0 |       8 |       0 |   0.0
        D:5 |     595 |     321 |  35.0 |      23 |       5 |  17.9
        D:6 |     775 |       0 |   0.0 |      22 |       0 |   0.0
        D:7 |    1463 |     587 |  28.6 |      23 |       1 |   4.2
        D:8 |    1230 |     771 |  38.5 |      23 |       4 |  14.8
     Lair:1 |    5006 |    1989 |  28.4 |      21 |       6 |  22.2
     Lair:2 |    4168 |    1010 |  19.5 |      12 |       2 |  14.3
    Ossuary |       0 |      16 | 100.0 |       0 |      16 | 100.0
            +---------+---------+-------+---------+---------+-------
